 Dungeon Crawl Stone Soup version 0.27-a0-1105-g946c659c87 (webtiles) character file.

Game seed: 9943456968619028185

287426 wakim the Unseen (level 21, -15/137 HPs)
             Began as a Kobold Brigand on Apr 30, 2021.
             Was the Champion of Nemelex Xobeh.
             Shot with a bolt by a vault warden (36 damage)
             ... on level 2 of the Vaults.
             The game lasted 02:31:14 (50324 turns).

wakim the Unseen (Kobold Brigand)                  Turns: 50324, Time: 02:31:14

Health: -15/137    AC: 20    Str: 10    XL:     21   Next: 54%
Magic:  0/37       EV: 30    Int: 12    God:    Nemelex Xobeh [******]
Gold:   2212       SH: 14    Dex: 25    Spells: 17/28 levels left

rFire    . . .     SeeInvis .   a - +9 quick blade (elec)
rCold    + . .     Faith    +   n - +0 kite shield
rNeg     + . .     Spirit   +   j - +4 moon troll leather armour {Spirit, Regen++ MP+5}
rPois    +         Reflect  .   g - +0 helmet
rElec    .         Harm     .   p - +1 cloak {Will+}
rCorr    .         Rampage  .   q - +2 pair of gloves
Will     +++..                  i - +0 pair of boots
Stlth    ++++++++..             s - amulet of faith
HPRegen  2.32/turn              m - ring of Mistrust {rPois rC+ rN+ AC+4}
MPRegen  0.25/turn              d - ring of willpower

@: no status effects
A: small, no large weapons, nightstalker 3
}: 2/15 runes: decaying, serpentine
a: Renounce Religion, Draw Escape, Draw Destruction, Draw Summoning, Triple
Draw, Deal Four, Stack Five


You were on level 2 of the Vaults.
You worshipped Nemelex Xobeh.
Nemelex Xobeh was exalted by your worship.
You visited 7 branches of the dungeon, and saw 34 of its levels.
You also visited: Ice Cave.

You collected 4286 gold pieces.
You spent 2074 gold pieces at shops.

Inventory:

Hand Weapons
 a - a +9 quick blade of electrocution (weapon)
 b - the +9 quick blade of Oenomania {flame, Dex+2}
   (You acquired it on level 11 of the Dungeon)

   It has been specially enchanted to burn those struck by it, causing extra
   injury to most foes and up to half again as much damage against particularly
   susceptible opponents.
   It affects your dexterity (+2).
Missiles
 c - 7 atropa-tipped darts
 e - 13 curare-tipped darts {=f}
 h - 47 boomerangs
 R - a throwing net {=f!f}
Armour
 g - a +0 helmet (worn)
 i - a +0 pair of boots (worn)
 j - the +4 moon troll leather armour (worn) {Spirit, Regen++ MP+5}
   (You bought it in a shop on level 6 of the Dungeon)

   It affects your magic capacity (+5).
   It increases your rate of health regeneration.
 n - a +0 kite shield (worn)
 p - a +1 cloak of willpower (worn)
 q - a +2 pair of gloves (worn)
 y - a scarf of resistance
 Q - a +0 kite shield of fire resistance
Jewellery
 d - a ring of willpower (right hand)
 f - a ring of see invisible
 l - a ring of protection from cold
 m - the ring of Mistrust (left hand) {rPois rC+ rN+ AC+4}
   (You found it on level 5 of the Lair of Beasts)

   [ring of protection]

   It affects your AC (+4).
   It protects you from cold.
   It protects you from poison.
   It protects you from negative energy.
 o - the ring "Rurureq" {Drain MP+9 Int+5 Stlth+}
   (You found it on level 7 of the Dungeon)

   [ring of magical power]

   It affects your intelligence (+5).
   It affects your magic capacity (+9).
   It drains your maximum health when unequipped.
   It makes you more stealthy.
 s - an amulet of faith (around neck)
 z - a ring of protection from fire
 B - an amulet of regeneration
 P - the ring "Navoed" {rF+ rN++ Str-3}
   (You bought it in a shop on level 9 of the Dungeon)

   [ring of protection from fire]

   It affects your strength (-3).
   It protects you from fire.
   It greatly protects you from negative energy.
Wands
 t - a wand of digging (7)
 u - a wand of mindburst (22)
 v - a wand of flame (102)
 w - a wand of acid (42)
 x - a wand of charming (9)
 S - a wand of iceblast (54)
Scrolls
 k - a scroll of enchant armour
 r - 23 scrolls of identify
 L - a scroll of enchant weapon
 T - 17 scrolls of teleportation
 U - 8 scrolls of fear
 W - 2 scrolls of holy word
 X - a scroll of fog
 Y - 6 scrolls of blinking {!r}
Potions
 A - 4 potions of ambrosia
 C - 4 potions of berserk rage {!q}
 D - 5 potions of brilliance
 E - 2 potions of cancellation
 F - 14 potions of curing
 G - 4 potions of flight
 H - 4 potions of haste
 I - 3 potions of invisibility
 J - 9 potions of heal wounds
 K - 2 potions of magic
 M - 4 potions of mutation {!q}
 N - a potion of might
 O - a potion of resistance


   Skills:
 + Level 16.3 Fighting
 + Level 10.8 Short Blades
 - Level 2.2 Throwing
 - Level 3.0 Armour
 + Level 17.8 Dodging
 * Level 18.7 Stealth
 * Level 13.1 Shields
 - Level 4.0 Spellcasting
 + Level 12.2 Hexes
 - Level 5.0 Ice Magic
 - Level 5.0 Air Magic
 * Level 14.6 Invocations


You had 17 spell levels left.
You knew the following spells:

 Your Spells              Type           Power      Damage    Failure   Level
a - Invisibility          Hex            31%        N/A       54%         6
s - Swiftness             Air            14%        N/A       24%         3
x - Ensorcelled Hibernat  Hex/Ice        46%        N/A       2%          2

Your spell library contained the following spells:

 Spells                   Type           Power      Damage    Failure   Level
 Corona                   Hex            34%        N/A       1%          1
 Tukima's Dance           Hex            31%        N/A       1%          3
 Cause Fear               Hex            15%        N/A       4%          4
 Inner Flame              Hex/Fire       17%        N/A       16%         3
 Shock                    Conj/Air       32%        1d5       22%         1
 Frozen Ramparts          Ice            28%        1d4       24%         3
 Poisonous Vapours        Pois/Air       16%        N/A       32%         2
 Silence                  Hex/Air        11%        N/A       45%         5
 Animate Skeleton         Necr           4%         N/A       52%         1
 Apportation              Tloc           4%         N/A       52%         1
 Beastly Appendage        Tmut           4%         N/A       52%         1
 Foxfire                  Conj/Fire      8%         2x1d4     52%         1
 Sting                    Tmut/Pois      8%         1d3       52%         1
 Summon Small Mammal      Summ           8%         N/A       52%         1
 Wereblood                Tmut           2%         N/A       67%         2
 Mephitic Cloud           Conj/Pois/Air  6%         N/A       67%         3
 Yara's Violent Unravell  Hex/Tmut       8%         3d5       80%         5
 Conjure Flame            Conj/Fire      2%         6-21      88%         3
 Ignite Poison            Fire/Tmut/Pois 2%         N/A       88%         3
 Lesser Beckoning         Tloc           1%         N/A       88%         3
 Spider Form              Tmut/Pois      1%         N/A       88%         3
 Hailstorm                Conj/Ice       8%         3d4       91%         4
 Ice Form                 Ice/Tmut       8%         N/A       91%         4
 Summon Lightning Spire   Summ/Air       8%         N/A       91%         4
 Olgreb's Toxic Radiance  Pois           2%         N/A       99%         4
 Sticky Flame             Conj/Fire      2%         2d3       99%         4
 Alistair's Intoxication  Tmut/Pois      1%         N/A       100%        5
 Fireball                 Conj/Fire      1%         3d3       100%        5
 Hydra Form               Tmut           1%         N/A       100%        5
 Conjure Ball Lightning   Conj/Air       4%         3x3d6     100%        6
 Ozocubu's Refrigeration  Ice            7%         4d6       100%        7
 Discord                  Hex            15%        N/A       100%        8
 Tornado                  Air            7%         N/A       100%        9


Dungeon Overview and Level Annotations

Branches:
Dungeon (15/15)            Temple (1/1) D:5            Lair (6/6) D:10
  Swamp (4/4) Lair:3        Snake (4/4) Lair:2        Slime (0/5) Lair:5
    Orc (2/2) D:9             Elf (0/3) Orc:2        Vaults (2/5) D:13
 Depths (0/5) D:15          IceCv (visited)
  Crypt: Vaults:2-3

Altars:
Ashenzari
Hepliaklqana
Makhleb
Nemelex Xobeh
Uskayaw
Yredelemnul
Beogh
Jiyva

Shops:
D:6 [*[*:   D:9 =   D:11 (   Orc:2 !:([   Snake:2 :=:   Snake:4 :(*
Vaults:1 :

Annotations:
Swamp:2 Roxanne
Swamp:3 2 transporters, PeterMcNeter's ghost, adept TrBe
Snake:1 1 transporter, exclusion: orange crystal statue


Innate Abilities, Weirdness & Mutations

You are small and have problems with some larger weapons.
You are completely attuned to the shadows.


Message History

The electrical discharge engulfs wakim's illusion!!
Wakim's illusion is lightly wounded.
The electrical discharge engulfs the ironbound preserver!
The ironbound preserver is heavily wounded.
The electrical discharge engulfs wakim's illusion!!
Wakim's illusion is moderately wounded.
The electrical discharge engulfs the ironbound frostheart!!
The ironbound frostheart is severely wounded.
You feel a bit more experienced.
The electrical discharge engulfs the ironbound preserver!!
The ironbound preserver is severely wounded.
You hear violent peals of thunder!
Wakim's illusion shimmers and vanishes!
You kill the ironbound preserver!
You hear a shout!
You feel much better. The ice encasing you melts away.
The ironbound frostheart calls freezing cold from the walls.
The frost grips you!! You partially resist.
* * * LOW HITPOINT WARNING * * *
You are encased in ice.
The yaktaur wields a +0 arbalest.
The yaktaur shoots a bolt.
You block the bolt.
The yaktaur shoots a bolt.
You block the bolt.
You puncture the ironbound frostheart!
The ironbound frostheart is almost dead.
The ironbound frostheart touches you!
* * * LOW HITPOINT WARNING * * *
The ironbound frostheart freezes you! You resist.
* * * LOW HITPOINT WARNING * * *
You draw a card...
You have drawn the Orb.
Press: ? - help, Shift-Dir - straight line, f/p - vault warden
Aim: a vault warden, wielding a +0 arbalest, wearing a +0 chain mail and quivering bolts (heavily wounded)
The wavering orb of destruction weakly hits the ironbound frostheart!!!
You blow up the ironbound frostheart!
The ice encasing you melts away.
The vault warden shoots a bolt.
The bolt hits you!!!
You die...
Your body glows with a rainbow of weird colours and disappears.

#..# #c.# #pp# #####..#
.......# .......#
.......#
....p)c#################
......[@............)...
.......................
......................
######################


You could see a vault warden and a yaktaur.

Vanquished Creatures
  2 tentacled monstrosities
  An Ice Fiend (D:13)
  Kirke (Swamp:3)
  3 fenstrider witches
  4 thorn hunters
  8 nagarajas
  3 vault wardens
  An orc warlord (Vaults:2)
  A ghoul (D:15)
  5 ironbound preservers
  A very ugly thing (D:13)
  A stone giant (Orc:1)
  Nessos (Orc:2)
  5 dire elephants
  7 bunyips
  A green death (Swamp:4)
  6 eleionomae
  3 blizzard demons
  A shambling mangrove (Swamp:4)
  3 ettins
  A yaktaur captain (Vaults:1)
  13 hydras
  26 naga warriors
  4 ironbound frosthearts
  9 salamander tyrants
  4 ogre magi
  4 ghost crabs
  3 boulder beetles
  9 anacondas
  11 two-headed ogres
  2 centaur warriors
  A satyr (Snake:2)
  3 alligators
  2 catoblepae
  2 tengu warriors
  9 shock serpents
  5 ironbound beastmasters
  2 soul eaters (Swamp:4)
  A spriggan berserker (Swamp:4)
  An iron troll (Orc:1)
  22 naga sharpshooters
  4 salamander mystics
  4 skeletal warriors (D:15)
  A sixfirhy (Swamp:4)
  4 spriggan druids
  2 goliath frogs (Swamp:1)
  18 deep trolls
  4 bog bodies
  2 death drakes (Swamp:4)
  A glowing orange brain (Vaults:1)
  4 wizards
  2 ironbound convokers (Vaults:2)
  2 lindwurms (Vaults:1)
  3 swamp dragons
  10 mana vipers
  A deep elf zephyrmancer (Swamp:4)
  8 naga ritualists
  A necromancer (D:14)
  5 orc knights
  4 orc sorcerers
  A deep elf pyromancer (D:13)
  4 oklob plants (Lair:2)
  4 manticores
  23 salamanders
  9 slime creatures
  17 ugly things
  19 elephants
  7 cyclopes
  2 vault sentinels (Vaults:1)
  9 guardian serpents
  3 will-o-the-wisps
  Maurice (D:13)
  37 black mambas
  4 ice statues
  26 naga magi
  A torpor snail (shapeshifter) (D:15)
  2 gargoyles
  A black mamba (shapeshifter) (D:13)
  An orange demon (Swamp:4)
  14 cane toads
  12 ice devils (IceCv)
  20 yaktaurs
  2 anaconda simulacra (IceCv)
  2 unseen horrors
  A yaktaur (shapeshifter) (D:15)
  A kobold demonologist (D:12)
  2 efreet (D:13)
  4 komodo dragons
  A rime drake (Lair:5)
  5 tengu conjurers (D:15)
  A golden dragon simulacrum (IceCv)
  3 hellwings (Swamp:4)
  A queen bee (D:10)
  A large abomination (D:13)
  11 trolls
  13 tyrant leeches
  4 polar bears
  A meliai (D:13)
  12 hornets
  The ghost of Verendum the Insei, an amateur OpFi (D:5)
  6 dream sheep
  The ghost of Ge0ff the Magician, an amateur DjIE (D:4)
  18 blink frogs
  A meliai zombie (D:10)
  20 spriggans
  Sigmund (D:4)
  5 small abominations (D:13)
  A dire elephant simulacrum (IceCv)
  A vampire (D:11)
  3 wyverns
  3 shadows
  3 wraiths
  6 basilisks
  41 yaks
  A steam dragon (D:7)
  4 hogs (Swamp:2)
  4 chaos spawn
  A vampire mosquito (Swamp:3)
  6 wargs
  An iron troll simulacrum (IceCv)
  81 nagas
  2 harpy simulacra (IceCv)
  2 hydra simulacra (IceCv)
  24 swamp worms
  2 acid dragons
  13 water moccasins
  An ice beast (D:6)
  15 orc warriors
  3 sky beasts
  4 black bears
  3 swamp drakes
  An ettin simulacrum (IceCv)
  3 necrophages
  21 ogres
  3 boggarts (Lair:6)
  16 wolves (Lair:6)
  22 centaurs
  3 phantoms
  A kobold brigand (D:11)
  9 bullfrogs
  2 scorpions
  A wyvern skeleton (D:5)
  2 gnoll sergeants (D:9)
  A water moccasin zombie (D:5)
  A troll zombie (D:9)
  12 killer bees
  7 wights
  4 electric eels (D:10)
  2 vampire bats (Orc:1)
  7 howler monkeys
  6 centaur zombies
  2 jellies
  3 quasits (D:4)
  12 orc priests
  A bullfrog zombie (D:5)
  A gnoll shaman (D:7)
  A human zombie (D:5)
  A centaur skeleton (D:4)
  2 iguanas
  Ijyb (D:3)
  15 orc wizards
  A killer bee zombie (D:7)
  7 ogre zombies (D:9)
  2 mummies (D:5)
  A howler monkey zombie (D:5)
  20 gnolls
  10 adders
  A shadow imp (D:7)
  4 white imps
  An adder zombie (D:5)
  An adder skeleton (D:4)
  3 worms
  The ghost of 1player the Sneak, a weakling KoDe (D:5)
  A dart slug (D:5)
  57 orcs
  6 endoplasms
  A giant cockroach (D:2)
  4 goblins
  2 hobgoblins
  A jackal (D:10)
  13 kobolds
  5 quokkas
  8 ball pythons
  6 bats
  3 frilled lizards
  2 goblin skeletons (D:9)
  3 goblin zombies (D:9)
  2 hobgoblin skeletons (D:9)
  A hobgoblin zombie (D:9)
  3 orc skeletons (D:9)
  12 orc zombies (D:9)
  4 rats
  A briar patch (Swamp:4)
1182 creatures vanquished.

Vanquished Creatures (collateral kills)
  Jorgrun (D:13)
  A naga warrior (Snake:3)
  2 two-headed ogres
  A deep elf zephyrmancer (Swamp:4)
  2 cyclopes
  2 centaur zombies (D:10)
  A black mamba (Snake:4)
  A guardian serpent (Snake:4)
  A neqoxec (Swamp:4)
  2 steam dragons (D:7)
  A warg (D:10)
  A naga (Snake:3)
  A sky beast (D:7)
  An orc priest (D:10)
  2 orc wizards (D:10)
  4 orcs
24 creatures vanquished.

Vanquished Creatures (others)
  A bunyip (Swamp:4)
  A hydra (Lair:3)
  A naga sharpshooter (Snake:4)
  A wizard (D:15)
  3 bloated husks
  4 blink frogs (Lair:3)
  A wyvern (Lair:3)
  2 vampire mosquitoes (Swamp:3)
  A naga (Snake:2)
  An orc priest (Orc:1)
  2 orcs
  4 foxfires (Swamp:4)
  20 fungi
  43 plants
  2 withered plants (D:15)
87 creatures vanquished.

Grand Total: 1293 creatures vanquished

Notes
Turn   | Place    | Note
-------+----------+-------------------------------------------
     0 | D:1      | wakim the Kobold Brigand began the quest for the Orb.
     0 | D:1      | Reached XP level 1. HP: 12/12 MP: 1/1
   202 | D:1      | Found a faded altar of an unknown god.
   470 | D:1      | Became a worshipper of Nemelex Xobeh the Trickster
   470 | D:1      | Reached * piety under Nemelex Xobeh
   928 | D:1      | Received a gift from Nemelex Xobeh
  1246 | D:1      | Reached XP level 2. HP: 17/17 MP: 2/2
  1322 | D:2      | Reached XP level 3. HP: 21/21 MP: 3/3
  1759 | D:2      | Reached skill level 1 in Invocations
  1882 | D:2      | Reached skill level 6 in Stealth
  1882 | D:2      | Reached XP level 4. HP: 26/26 MP: 4/4
  2156 | D:3      | Reached ** piety under Nemelex Xobeh
  2447 | D:3      | Noticed Ijyb
  2451 | D:3      | Killed Ijyb
  2452 | D:3      | Reached XP level 5. HP: 30/30 MP: 6/6
  2734 | D:4      | Reached XP level 6. HP: 35/35 MP: 7/7
  3015 | D:4      | Identified the +5 morningstar "Ugecas" {flame, +Rage rCorr}
  3070 | D:4      | Received a gift from Nemelex Xobeh
  3090 | D:4      | Reached skill level 5 in Short Blades
  3533 | D:4      | Noticed Sigmund
  3883 | D:4      | Reached *** piety under Nemelex Xobeh
  3923 | D:4      | Found a transporter.
  3942 | D:4      | Found a transporter.
  3948 | D:4      | Noticed Ge0ff's ghost (amateur DjIE)
  3959 | D:4      | Found a hide-covered altar of Uskayaw.
  3968 | D:4      | Killed Sigmund
  3969 | D:4      | Reached skill level 1 in Shields
  3969 | D:4      | Reached XP level 7. HP: 40/40 MP: 7/9
  4330 | D:5      | Entered Level 5 of the Dungeon
  4684 | D:5      | Found a staircase to the Ecumenical Temple.
  4692 | Temple   | Entered the Ecumenical Temple
  4711 | D:5      | Received a gift from Nemelex Xobeh
  5038 | D:5      | Reached skill level 5 in Dodging
  5101 | D:5      | Reached XP level 8. HP: 44/44 MP: 10/10
  5324 | D:5      | Found a runed translucent gate.
  5324 | D:5      | Found a runed translucent gate.
  5324 | D:5      | Found a runed translucent gate.
  5333 | D:5      | Noticed 1player's ghost (weakling KoDe)
  5333 | D:5      | Noticed Verendum's ghost (amateur OpFi)
  5337 | D:5      | Killed Verendum's ghost
  5341 | D:5      | Killed 1player's ghost
  5577 | D:5      | Found a basalt altar of Yredelemnul.
  5641 | D:5      | Reached XP level 9. HP: 45/48 MP: 11/11
  5708 | D:6      | Reached skill level 5 in Shields
  6076 | D:6      | Found Ybicu's Assorted Antiques.
  6081 | D:6      | Bought a scroll labelled LARANN QEW UNE for 29 gold pieces
  6081 | D:6      | Bought a scroll of identify for 58 gold pieces
  6086 | D:6      | Identified the +3 scale mail of Jeosod {rPois rN++ Will-}
  6120 | D:6      | Found Xuodaer's Assorted Antiques.
  6198 | D:6      | Reached **** piety under Nemelex Xobeh
  6223 | D:6      | Found Joidox's Book Emporium.
  6376 | D:6      | Found Qimmo's Armour Boutique.
  6381 | D:6      | Bought a +0 pair of boots for 58 gold pieces
  6641 | D:6      | Found Deariath's Armour Shoppe.
  6823 | D:7      | Received a gift from Nemelex Xobeh
  8045 | D:7      | Reached XP level 10. HP: 57/57 MP: 12/12
  8266 | D:7      | Identified the ring "Rurureq" {Drain MP+9 Int+5 Stlth+}
  8288 | D:7      | Reached skill level 10 in Short Blades
  8288 | D:7      | Reached skill level 7 in Stealth
  8345 | D:7      | Received a gift from Nemelex Xobeh
  8822 | D:8      | Identified a scroll of acquirement
  8822 | D:8      | Acquired a +4 quick blade
  8965 | D:8      | Received a gift from Nemelex Xobeh
  8972 | D:8      | Reached ***** piety under Nemelex Xobeh
  9100 | D:8      | Reached skill level 5 in Invocations
  9367 | D:8      | Noticed a two-headed ogre
  9373 | D:8      | Killed a two-headed ogre
  9374 | D:8      | Reached skill level 5 in Fighting
  9374 | D:8      | Reached skill level 1 in Armour
  9679 | D:9      | Found Enill's Jewellery Boutique.
  9766 | D:9      | Reached skill level 8 in Stealth
  9921 | D:9      | Noticed a two-headed ogre
  9925 | D:9      | Killed a two-headed ogre
  9975 | D:9      | Found a staircase to the Orcish Mines.
 10279 | D:9      | Received a gift from Nemelex Xobeh
 10449 | D:9      | Found a broken altar of Ashenzari.
 10451 | D:9      | Found a hazy altar of Hepliaklqana.
 10725 | D:9      | Reached XP level 11. HP: 56/64 MP: 15/15
 11159 | D:9      | Received a gift from Nemelex Xobeh
 11414 | D:10     | Entered Level 10 of the Dungeon
 12011 | D:10     | Noticed a two-headed ogre
 12015 | D:10     | Killed a two-headed ogre
 12016 | D:10     | Reached skill level 9 in Stealth
 12148 | D:10     | Noticed a cyclops
 12158 | D:10     | Killed a cyclops
 12351 | D:10     | Found a staircase to the Lair.
 12401 | D:10     | Identified the +3 chain mail of the Gusle {rCorr Str+4
                  | Int-5 Stlth+}
 12866 | Orc:1    | Entered Level 1 of the Orcish Mines
 13297 | Orc:1    | Reached skill level 10 in Dodging
 13346 | Orc:1    | Noticed an orc sorcerer
 13350 | Orc:1    | Killed an orc sorcerer
 13470 | Orc:1    | Reached skill level 10 in Stealth
 13491 | Orc:1    | Noticed an orc sorcerer
 13492 | Orc:1    | Noticed an orc warlord
 13538 | Orc:1    | Killed an orc sorcerer
 13612 | Orc:1    | Noticed a fire giant
 13612 | Orc:1    | an orc warlord changed into a fire giant
 13613 | Orc:1    | Noticed a stone giant
 13613 | Orc:1    | a fire giant changed into a stone giant
 13632 | Orc:1    | Killed a stone giant
 13637 | Orc:1    | Reached XP level 12. HP: 72/72 MP: 13/16
 14265 | D:6      | Bought the +4 moon troll leather armour {Spirit, Regen++
                  | MP+5} for 708 gold pieces
 14265 | D:6      | Found the +4 moon troll leather armour {Spirit, Regen++
                  | MP+5}
 14405 | Orc:2    | Entered Level 2 of the Orcish Mines
 14462 | Orc:2    | Noticed a two-headed ogre
 14493 | Orc:1    | Killed a two-headed ogre
 14541 | Orc:2    | Noticed Nessos
 14546 | Orc:2    | Received a gift from Nemelex Xobeh
 14754 | Orc:2    | Noticed an ogre mage
 14754 | Orc:2    | Noticed a two-headed ogre
 14754 | Orc:2    | Noticed a two-headed ogre
 14773 | Orc:1    | Killed a two-headed ogre
 15070 | D:11     | Acquired the +9 quick blade of Oenomania {flame, Dex+2}
 15096 | D:11     | Received a gift from Nemelex Xobeh
 15212 | D:11     | Reached skill level 11 in Stealth
 15337 | D:11     | Found a burning altar of Makhleb.
 15530 | D:11     | Found Veucomem's Weapon Boutique.
 15652 | D:11     | Noticed a boulder beetle
 15715 | D:11     | Killed a boulder beetle
 16331 | Lair:1   | Entered Level 1 of the Lair of Beasts
 16355 | Lair:1   | Received a gift from Nemelex Xobeh
 16485 | Lair:1   | Noticed a five-headed hydra
 16501 | Lair:1   | Killed a five-headed hydra
 16654 | Lair:1   | Reached XP level 13. HP: 80/80 MP: 18/18
 16658 | Lair:1   | Received a gift from Nemelex Xobeh
 16962 | Lair:1   | Received a gift from Nemelex Xobeh
 17857 | Lair:2   | Reached skill level 12 in Stealth
 17869 | Lair:2   | Found a staircase to the Snake Pit.
 18047 | Lair:2   | Received a gift from Nemelex Xobeh
 18136 | Lair:2   | Received a gift from Nemelex Xobeh
 18238 | Lair:2   | Reached ****** piety under Nemelex Xobeh
 18399 | Lair:2   | Reached skill level 10 in Fighting
 18542 | Lair:2   | Received a gift from Nemelex Xobeh
 18984 | Lair:3   | Found a staircase to the Swamp.
 19303 | Lair:3   | Killed a four-headed hydra
 19304 | Lair:3   | Received a gift from Nemelex Xobeh
 19669 | Lair:3   | Received a gift from Nemelex Xobeh
 20248 | Lair:4   | Reached skill level 13 in Stealth
 20286 | Lair:4   | Reached XP level 14. HP: 88/88 MP: 20/20
 21071 | Lair:5   | Identified the ring of Mistrust {rPois rC+ rN+ AC+4}
 21145 | Lair:5   | Received a gift from Nemelex Xobeh
 21295 | Lair:5   | Identified the +6 quarterstaff of Haunted Defence {flame,
                  | rN+ Will+ Int+3}
 21359 | Lair:5   | Acquired a +0 cloak of willpower
 21513 | Lair:5   | Found a viscous altar of Jiyva.
 21513 | Lair:5   | Found a staircase to the Slime Pits.
 21710 | Lair:5   | Received a gift from Nemelex Xobeh
 21893 | Lair:5   | Reached skill level 10 in Invocations
 22055 | Lair:6   | Entered Level 6 of the Lair of Beasts
 22488 | Lair:6   | Reached skill level 14 in Stealth
 22533 | Lair:6   | Received a gift from Nemelex Xobeh
 23139 | Lair:6   | Received a gift from Nemelex Xobeh
 23224 | Lair:6   | Reached skill level 10 in Shields
 23415 | D:12     | Reached XP level 15. HP: 96/96 MP: 22/22
 24196 | D:12     | Received a gift from Nemelex Xobeh
 24401 | D:13     | Noticed Jorgrun
 24573 | D:13     | Killed Jorgrun
 24664 | D:13     | Identified the ring of Fuarph {MP+9 Str+2}
 24771 | D:13     | Acquired 699 gold pieces
 25011 | D:13     | Found a runed translucent door.
 25411 | D:4      | Killed Ge0ff's ghost
 25757 | Lair:2   | Reached skill level 15 in Stealth
 26390 | D:13     | Found a gate to the Vaults.
 26462 | D:13     | Noticed Maurice
 26465 | D:13     | Killed Maurice
 26522 | D:13     | Noticed a green very ugly thing
 26526 | D:13     | Killed a green very ugly thing
 26594 | D:13     | Noticed a tentacled monstrosity
 26600 | D:13     | Noticed an Ice Fiend
 26600 | D:13     | a tentacled monstrosity changed into an Ice Fiend
 27007 | D:13     | Killed an Ice Fiend
 27135 | D:14     | Received a gift from Nemelex Xobeh
 27493 | D:14     | Reached skill level 1 in Spellcasting
 27493 | D:14     | Reached skill level 1 in Hexes
 27748 | D:15     | Entered Level 15 of the Dungeon
 27756 | D:15     | Learned a level 6 spell: Invisibility
 27806 | D:14     | Reached XP level 16. HP: 86/102 MP: 22/23
 28119 | D:15     | Found a staircase to the Depths.
 28386 | Orc:1    | Reached skill level 15 in Dodging
 28578 | Orc:2    | Killed Nessos
 29134 | Orc:2    | Received a gift from Nemelex Xobeh
 29280 | Orc:2    | Found a staircase to the Elven Halls.
 29383 | Orc:2    | Found Vonoaz's Distillery.
 29384 | Orc:2    | Found Diom Dypp's Book Emporium.
 29402 | Orc:2    | Found Hadalorr's Antique Weapon Boutique.
 29408 | Orc:2    | Found Wias's Armour Shoppe.
 29824 | Snake:1  | Entered Level 1 of the Snake Pit
 29834 | Snake:1  | Reached skill level 16 in Stealth
 29902 | Snake:1  | Received a gift from Nemelex Xobeh
 30432 | Snake:1  | Found a transporter.
 30464 | Snake:1  | Noticed a nagaraja
 30571 | Snake:1  | Found a transporter.
 31086 | Snake:1  | Received a gift from Nemelex Xobeh
 31628 | Snake:2  | Noticed a nagaraja
 31656 | Snake:2  | Killed a nagaraja
 31684 | Snake:2  | Reached XP level 17. HP: 76/111 MP: 8/25
 32208 | Snake:2  | Found a frozen archway.
 32250 | IceCv    | Entered an ice cave
 32500 | IceCv    | Reached skill level 5 in Hexes
 32567 | IceCv    | Received a gift from Nemelex Xobeh
 32772 | IceCv    | Identified the +12 mace of the Weasel {elec, Will+ Str+10
                  | Dex-3 Stlth+}
 32775 | IceCv    | Identified the +5 fire dragon scales "Rywky" {rF++ rC-
                  | Will+ Str+4 Int+3 Stlth+}
 32960 | Snake:2  | Reached skill level 17 in Stealth
 33753 | Snake:2  | Found Nageog's Book Shoppe.
 33753 | Snake:2  | Found Mommuh's Book Shoppe.
 33754 | Snake:2  | Found Filooddo's Jewellery Shop.
 33891 | Snake:2  | You fall into a shaft and drop 1 floor!
 33904 | Snake:3  | Received a gift from Nemelex Xobeh
 33904 | Snake:3  | Noticed Vashnia
 34106 | Snake:2  | Noticed Vashnia
 34106 | Snake:2  | Vashnia changed into Vashnia the satyr
 34110 | Snake:2  | Killed Vashnia the satyr
 35058 | Snake:3  | Reached XP level 18. HP: 117/117 MP: 22/27
 35363 | Orc:2    | Bought the Volume of the Glacier and Feathers for 715 gold
                  | pieces
 35433 | D:9      | Bought the ring "Navoed" {rF+ rN++ Str-3} for 506 gold
                  | pieces
 35438 | D:9      | Learned a level 2 spell: Ensorcelled Hibernation
 35442 | D:9      | Learned a level 3 spell: Swiftness
 35868 | Snake:3  | Identified the +1 ring mail of Tenacity {rF+}
 36061 | Snake:3  | Received a gift from Nemelex Xobeh
 36935 | Swamp:1  | Entered Level 1 of the Swamp
 36937 | Swamp:1  | Reached skill level 1 in Ice Magic
 36994 | Swamp:1  | Reached skill level 1 in Air Magic
 37147 | Swamp:1  | You fall into a shaft and drop 1 floor!
 37203 | Swamp:2  | Received a gift from Nemelex Xobeh
 37634 | Swamp:2  | Received a gift from Nemelex Xobeh
 37635 | Swamp:2  | Noticed a tentacled monstrosity
 37639 | Swamp:2  | Killed a tentacled monstrosity
 37690 | Swamp:2  | Identified Roxanne's Volume of Stones
 37690 | Swamp:2  | Noticed Roxanne
 38188 | Swamp:1  | Received a gift from Nemelex Xobeh
 39036 | Swamp:3  | Noticed PeterMcNeter's ghost (adept TrBe)
 39073 | Swamp:3  | Found a transporter.
 39094 | Swamp:3  | Found a transporter.
 39152 | Swamp:3  | Received a gift from Nemelex Xobeh
 39340 | Swamp:3  | Received a gift from Nemelex Xobeh
 39341 | Swamp:3  | Noticed Kirke
 39583 | Swamp:3  | Killed Kirke
 40246 | Snake:4  | Entered Level 4 of the Snake Pit
 40589 | Snake:4  | Found Vukhlub's Book Boutique.
 40593 | Snake:4  | Reached XP level 19. HP: 123/123 MP: 29/29
 40643 | Snake:4  | Found Kyinej's Antique Weapon Shop.
 40816 | Snake:4  | Reached skill level 15 in Fighting
 41029 | Snake:4  | Reached skill level 18 in Stealth
 41153 | Snake:4  | Received a gift from Nemelex Xobeh
 41431 | Snake:4  | Found Giocul's General Store.
 42629 | Snake:4  | Got a serpentine rune of Zot
 42996 | Snake:4  | Reached skill level 5 in Ice Magic
 43007 | Snake:4  | Reached skill level 5 in Air Magic
 43406 | Snake:4  | Received a gift from Nemelex Xobeh
 43526 | Snake:4  | Reached skill level 10 in Hexes
 43693 | Snake:4  | Reached XP level 20. HP: 117/130 MP: 28/30
 44073 | Swamp:4  | Entered Level 4 of the Swamp
 44325 | Swamp:4  | Noticed a tentacled monstrosity
 44664 | Swamp:3  | Killed a tentacled monstrosity
 45492 | Swamp:4  | Got a decaying rune of Zot
 46524 | D:15     | Received a gift from Nemelex Xobeh
 47210 | D:15     | Received a gift from Nemelex Xobeh
 47251 | D:15     | Found a hide-covered altar of Uskayaw.
 47368 | Vaults:1 | Entered Level 1 of the Vaults
 47448 | Vaults:1 | Identified the +1 robe "Seisiumm" {Harm rC+}
 47613 | Vaults:1 | Reached XP level 21. HP: 74/136 MP: 16/31
 48378 | Vaults:1 | Found Utsaost's Book Emporium.
 49026 | Vaults:1 | Received a gift from Nemelex Xobeh
 49326 | Vaults:2 | Received a gift from Nemelex Xobeh
 49794 | Vaults:2 | Received a gift from Nemelex Xobeh
 50324 | Vaults:2 | Shot with a bolt by a vault warden

Illustrated notes

Levels and vault maps discovered:
D:1:      dpeg_arrival_long_road, layout_loops_corners,
          hellmonk_ecumenical_altar_leap_of_faith,
          hangedman_abyss_or_decor_lesser_grid
D:2:      layout_rooms
D:3:      layout_rooms, uniq_ijyb
D:4:      layout_layer_cave, nicolae_overflow_hidden_temple,
          gammafunk_ghost_stat_death, uniq_sigmund
D:5:      layout_loops_ring, lemuel_mausoleum_altar_yredelemnul,
          minmay_temple_entry_slanted, gammafunk_ghost_cemetery
D:6:      minmay_evil_eye, layout_loops_ring, serial_shops,
          nicolae_shop_crystal, nicolae_shop_waterfront,
          nicolae_shop_temple_entry_statues_fountains,
          nicolae_shop_temple_entry_statues_fountains, nicolae_shop_trees
D:7:      layout_loops_ring, hangedman_misty_isle
D:8:      layout_gridville
D:9:      layout_basic, chequers_temple_overflow_statue_of_worship,
          zombieorc2_lemuel, serial_shops, nicolae_shop_behind_doors
D:10:     erik_rubicon_a, layout_rooms, erik_lair_orcish_takeover, serial_glass,
          glass_columns_c, glass_columns_b
D:11:     layout_roguey, serial_shops, kennysheep_mini, bloody_makhleb
D:12:     layout_basic
D:13:     cheibrodos_body_horror, layout_small_grid, david_vaults_4,
          minmay_puff, uniq_maurice, uniq_jorgrun
D:14:     layout_cave_pools
D:15:     hangedman_depths_entry_civil_slaughter, layout_irregular_city,
          grunt_decor_arrowhead, serial_undead, serial_undead_c,
          serial_undead_b, serial_undead_f, serial_undead_b,
          nicolae_uskayaw_en_pointe
Temple:   regret_index_temple_mists
Lair:1:   layout_long_grid, serial_bayou_shore_a
Lair:2:   layout_loops_ring, minmay_snake_entry_spellcaster,
          chequers_serial_rivers_small_3, minmay_lair_oklob_chamber,
          grunt_megastairs_4
Lair:3:   layout_chaotic_city, minmay_swamp_entry_worms, lemuel_old_faithful,
          infiniplex_staircase_pool_2
Lair:4:   layout_misc_corridors, infiniplex_staircase_pool, serial_bayou_shore_b
Lair:5:   layout_regular_city, slime_altar_1, minivault_27
Lair:6:   minmay_lair_end_enchanted_forest, layout_misc_corridors
Swamp:1:  layout_falls_marsh, serial_swamp_ruin, evilmike_swamp_ruin_house_5,
          evilmike_swamp_ruin_house_3, evilmike_swamp_ruin_rubble_2
Swamp:2:  nicolae_swamp_decorative_isthmus, layout_basic_swamp,
          nicolae_swamp_round_clearing, uniq_roxanne
Swamp:3:  layout_basic_swamp, gammafunk_ghost_mausoleum,
          evilmike_swamp_ruin_house_1, swamp_pool1, uniq_kirke
Swamp:4:  nzn_swamp_witches_coven, layout_basic_swamp
Snake:1:  gammafunk_sealed_arena, layout_layer_cave
Snake:2:  layout_rooms, portal_ice_cave_entry_ice_statue_one, st_stairs_3,
          nicolae_snake_squiggles, minmay_shop_grove
Snake:3:  layout_chambers, st_stairs_9, uniq_vashnia
Snake:4:  grunt_snake_rune_spirals, layout_onion, serial_shops, shop,
          minmay_shoptagon
Orc:1:    layout_caves, roderic_batcave
Orc:2:    st_orc_open, layout_caves, basic_altar, uniq_nessos
Vaults:1: v_misc_15, ontoclasm_vaults_ligature, v_rooms_1,
          vaults_standard_mumra_x, grunt_vaults_swirl, v_misc_19,
          vaults_standard_mumra_enter_the_diamond, ontoclasm_vaults_gateway,
          vaults_mumra_chevron_long, ontoclasm_vaults_tryst,
          nicolae_vaults_angled_halls, nicolae_vaults_network_periphery,
          layout_vaults_omnibox, serial_shops, nicolae_shop_waterfront
Vaults:2: v_misc_11, vaults_room_stairs_pillars, st_star, v_misc_28,
          v_alt_pattern_1, nicolae_vaults_network_barrier,
          nicolae_vaults_little_squares_2, nicolae_vaults_asterisk,
          vaults_room_grid, nicolae_vaults_little_squares_4, v_misc_27,
          nicolae_vaults_little_squares_1, v_pattern_4,
          layout_vaults_chaotic_city, uniq_mara

Skill      XL: |  1  2  3  4  5  6  7  8  9 10 11 12 13 14 15 16 17 18 19 20 21 |
---------------+----------------------------------------------------------------+-----
Short Blades   | 3 4 5 6 7 9 10 | 10.8
Dodging        | 2 3 4 5 6 7 9 10 11 13 14 15 16 17 | 17.8
Invocations    | 1 2 3 6 7 9 10 11 12 13 14 | 14.6
Stealth        | 6 8 10 11 13 14 15 16 17 18 | 18.7
Shields        | 1 3 4 5 7 8 10 11 12 13 | 13.1
Fighting       | 4 5 7 9 10 11 13 14 15 16 | 16.3
Armour         | 3 |  3.0
Spellcasting   | 1 4 |  4.0
Hexes          | 1 4 6 8 10 11 12 | 12.2
Ice Magic      | 3 5 |  5.0
Air Magic      | 3 5 |  5.0
Throwing       | |  2.2

Action                   |  1- 3 |  4- 6 |  7- 9 | 10-12 | 13-15 | 16-18 | 19-21 || total
-------------------------+-------+-------+-------+-------+-------+-------+-------++-------
Melee: Dagger            |    50 |    68 |   358 |    26 |       |       |       ||   502
       Morningstar       |       |     5 |     2 |       |       |       |       ||     7
       Quick blade       |       |       |       |  1114 |  1498 |  2377 |  2256 ||  7245
Throw: Boomerang         |       |       |       |       |       |     1 |       ||     1
 Cast: Ensorcelled Hiber |       |       |       |       |       |    14 |    52 ||    66
Invok: Draw Destruction  |       |     3 |     6 |    12 |     1 |       |     5 ||    27
       Draw Summoning    |       |       |     3 |     5 |     2 |     3 |     5 ||    18
       Draw Escape       |       |       |     1 |       |       |       |     2 ||     3
       Triple Draw       |       |       |       |     5 |     4 |     2 |     2 ||    13
       Deal Four         |       |       |       |       |       |     3 |     4 ||     7
Evoke: Wand              |       |       |       |       |     6 |       |       ||     6
  Use: Scroll            |     5 |     2 |     5 |    13 |    10 |     9 |     1 ||    45
       Potion            |       |       |       |     6 |       |       |     2 ||     8
 Stab: Sleeping          |    12 |    18 |    29 |    39 |    87 |    95 |    39 ||   319
       Distracted        |       |       |     2 |     4 |     2 |     5 |    14 ||    27
Armor: Robe              |     1 |       |       |       |       |       |       ||     1
       Leather armour    |     2 |     6 |    69 |    64 |       |       |       ||   141
       Troll leather arm |       |       |       |    88 |   171 |   217 |   179 ||   655
Dodge: Dodged            |    24 |    39 |   161 |   522 |   687 |  1114 |  1023 ||  3570
Block: Kite shield       |       |     6 |   143 |   366 |   529 |   925 |   838 ||  2807

Table legend: (Time is in decaauts)
 A = Elapsed time spent in this place.
 B = Non-inter-level travel time spent in this place.
 C = Inter-level travel time spent in this place.
 D = Time resting spent in this place.
 E = Time spent auto-exploring this place.
 F = Levels seen in this place.
 G = Mean time per level.
                   A        B        C        D        E       F      G
               +--------+--------+--------+--------+--------+-----+--------+
         Total |  46803 |  42300 |   4503 |   2864 |  29224 |  35 | 1337.2 |
       Dungeon |  20564 |  18223 |   2341 |   1826 |  12547 |  15 | 1370.9 |
        Temple |      1 |      1 |      0 |      0 |      0 |   1 |    1.0 |
          Lair |   7079 |   6265 |    814 |     53 |   5039 |   6 | 1179.8 |
         Swamp |   4656 |   4336 |    320 |     64 |   3198 |   4 | 1164.0 |
     Snake Pit |   8844 |   8120 |    724 |    663 |   5268 |   4 | 2211.0 |
  Orcish Mines |   2620 |   2354 |    266 |    255 |   1145 |   2 | 1310.0 |
        Vaults |   2576 |   2539 |     37 |      2 |   1884 |   2 | 1288.0 |
      Ice Cave |    461 |    461 |      0 |      0 |    143 |   1 |  461.0 |
               +--------+--------+--------+--------+--------+-----+--------+

Top non-repeatable levels by time:
 Snake:4: 2927 daAuts
     D:9: 2240 daAuts
 Snake:1: 2078 daAuts
 Snake:2: 1971 daAuts
    D:10: 1878 daAuts
 Snake:3: 1866 daAuts
     D:7: 1851 daAuts
   Orc:1: 1841 daAuts
Vaults:1: 1748 daAuts
    D:13: 1647 daAuts
  Lair:2: 1574 daAuts
 Swamp:4: 1557 daAuts
     D:4: 1498 daAuts
     D:5: 1466 daAuts
  Lair:1: 1389 daAuts
